 Dungeon Crawl Stone Soup version 0.27.1 (webtiles) character file.

Game seed: 353197485692692414

65 H0rd4k the Caller (level 4, -1/30 HPs)
             Began as a Barachi Summoner on Aug 30, 2021.
             Slain by a gnoll (2 damage)
             ... on level 5 of the Dungeon.
             The game lasted 00:04:46 (3061 turns).

H0rd4k the Caller (Barachi Summoner)                Turns: 3061, Time: 00:04:47

Health: -1/30      AC:  3    Str:  9    XL:     4   Next: 14%
Magic:  4/9        EV: 12    Int: 17    God:
Gold:   102        SH:  5    Dex: 18    Spells: 5/9 levels left

rFire    + . .     SeeInvis .   (no weapon)
rCold    x . .     Faith    .   (no shield)
rNeg     . . .     Spirit   .   a - +1 robe
rPois    .         Reflect  +   (no helmet)
rElec    .         Harm     .   (no cloak)
rCorr    .         Rampage  .   (no gloves)
Will     .....                  (no boots)
Stlth    ++........             c - amulet of reflection
HPRegen  0.10/turn              f - ring of fire
MPRegen  0.11/turn              i - +6 ring of dexterity

@: unable to hop, slow
A: amphibious, slowness 1, strong legs 1, +LOS, screaming 1
a: Hop


You were on level 5 of the Dungeon.
You visited 1 branch of the dungeon, and saw 4 of its levels.

You collected 102 gold pieces.

Inventory:

Armour
 a - a +1 robe (worn)
Jewellery
 c - an amulet of reflection (around neck)
 f - a ring of fire (left hand)
 i - a +6 ring of dexterity (right hand)
 j - an amulet of faith
 l - the amulet of Puevomad {Acrobat Drain Str+9 Dex-2 SInv}
   (You acquired it on level 5 of the Dungeon)

   [amulet of the acrobat]

   It increases your evasion while moving and waiting.
   Str:       It affects your strength (+9).
   Dex:       It affects your dexterity (-2).
   SInv:      It lets you see invisible.
   Drain:     It drains your maximum health when unequipped.
Scrolls
 e - 3 scrolls of acquirement
 h - 2 scrolls of fog


   Skills:
 + Level 2.2 Dodging
 - Level 1.7 Stealth
 + Level 0.6 Shields
 * Level 3.4 Spellcasting
 * Level 5.7 Summonings


You had 5 spell levels left.
You knew the following spells:

 Your Spells              Type           Power      Damage    Failure   Level
a - Summon Small Mammal   Summ           88%        N/A       1%          1
b - Call Canine Familiar  Summ           22%        N/A       4%          3

Your spell library contained the following spells:

 Spells                   Type           Power      Damage    Failure   Level
 Call Imp                 Summ           22%        N/A       2%          2
 Summon Guardian Golem    Hex/Summ       12%        N/A       16%         3
 Portal Projectile        Hex/Tloc       4%         N/A       45%         3
 Summon Lightning Spire   Summ/Air       12%        N/A       45%         4
 Blade Hands              Tmut           1%         N/A       99%         5
 Excruciating Wounds      Necr           1%         N/A       99%         5


Dungeon Overview and Level Annotations

Branches:
Dungeon (3/15)

Altars:

Annotations:
D:2 exclusion: downstairs


Innate Abilities, Weirdness & Mutations

You are amphibious.
You cover ground slowly.
You can hop short distances.
You have an extended range of vision and can be seen from far away.
You occasionally shout uncontrollably at your foes.


Message History

The hound bites you but does no damage. The hound barely misses your quokka.
It was a potion of heal wounds.
You feel much better. You block the scorpion's attack. The hound bites you.
Your quokka closely misses the hound.
The hound misses your quokka. The scorpion barely misses you.
As you read the scroll labelled ZYOVYELLIM, it crumbles to dust.
It is a scroll of enchant armour.
Your +0 robe glows green for a moment.
The hound bites you. The hound barely misses your quokka.
Your quokka completely misses the hound.
The hound bites you. The scorpion barely misses you.
The hound bites your quokka.
Your quokka closely misses the hound.
As you read the scroll labelled AVOUFF ZONORCH, it crumbles to dust.
The scroll dissolves into smoke.
It was a scroll of fog.
The hound misses you.
Something completely misses your quokka.
The scorpion stings you.
You are poisoned.
The scorpion poisons you!
Your quokka closely misses the hound.
Casting: Summon Small Mammal (safe; 1% risk of failure)
Confirm with . or Enter, or press ? or * to list all spells.
Nothing appears to happen.
You feel sick. You block the hound's attack. Something bites your quokka.
Your quokka dies!
Your quokka's corpse disappears in a puff of smoke!
The gnoll hits you from afar with a +0 spear.
The scorpion stings you!
* * * LOW HITPOINT WARNING * * *
The hound barely misses you.
Unknown command.
It was a potion of curing.
You feel better. The hound bites you.
* * * LOW HITPOINT WARNING * * *
The scorpion stings you but does no damage.
You block the gnoll's attack.
You closely miss the scorpion.
The scorpion is severely wounded.
The hound bites you.
* * * LOW HITPOINT WARNING * * *
The scorpion closely misses you.
The gnoll hits you from afar with a +0 spear.
You die...

#.. ... #.# #.#
#$# #.# #####.# ..
#..$..#######.....
#....>.gs@hh§.....
#.....############
#.....########
###.h.........
#......)....
##...........
#............
#............
#............


You could see a scorpion, 2 hounds and a gnoll.

Vanquished Creatures
  A ball python (D:1)
  An endoplasm (D:3)
  A kobold (D:1)
3 creatures vanquished.

Vanquished Creatures (collateral kills)
  7 adders
  A worm (D:3)
  A dart slug (D:1)
  An orc (D:3)
  An endoplasm (D:1)
  A giant cockroach (D:1)
  6 goblins
  3 hobgoblins (D:1)
  5 kobolds
  A quokka (D:3)
  6 ball pythons
  7 bats
  3 rats (D:1)
43 creatures vanquished.

Grand Total: 46 creatures vanquished

Notes
Turn   | Place    | Note
-------+----------+-------------------------------------------
     0 | D:1      | H0rd4k the Barachi Summoner began the quest for the Orb.
     0 | D:1      | Reached XP level 1. HP: 13/13 MP: 3/3
   228 | D:1      | Reached skill level 5 in Summonings
   482 | D:1      | Reached XP level 2. HP: 19/19 MP: 0/5
  1656 | D:2      | Reached XP level 3. HP: 16/24 MP: 0/7
  1660 | D:2      | Learned a level 3 spell: Call Canine Familiar
  2855 | D:3      | Reached XP level 4. HP: 19/30 MP: 5/9
  3029 | D:3      | You fall into a shaft and drop 2 floors!
  3029 | D:5      | Entered Level 5 of the Dungeon
  3029 | D:5      | Noticed a scorpion
  3053 | D:5      | Identified 4 scrolls of acquirement
  3053 | D:5      | Acquired the amulet of Puevomad {Acrobat Drain Str+9 Dex-2
                  | SInv}
  3055 | D:5      | Gained mutation: You occasionally shout uncontrollably at
                  | your foes. [potion of mutation]
  3061 | D:5      | HP: 1/30 [hound (3)]
  3061 | D:5      | Slain by a gnoll

Illustrated notes

Levels and vault maps discovered:
D:1:      dpeg_arrival_fog, layout_loops_cross
D:2:      layout_basic, kennysheep_generic_room_15
D:3:      layout_rooms, hellmonk_ecumenical_altar_slurped_away, uniq_terence,
          uniq_crazy_yiuf_cottage, uniq_sigmund
D:5:      layout_basic, amethyst_killhole, uniq_eustachio

Skill      XL: |  1  2  3 |
---------------+----------+-----
Summonings     | 5 |  5.7
Spellcasting   | 3 |  3.4
Dodging        | |  2.2
Stealth        | |  1.7
Shields        | |  0.6

Action                   |  1- 3 |  4- 6 || total
-------------------------+-------+-------++-------
Melee: Unarmed           |    54 |     1 ||    55
 Cast: Summon Small Mamm |   118 |     4 ||   122
       Call Canine Famil |     1 |     3 ||     4
 Abil: Hop               |       |     1 ||     1
  Use: Scroll            |       |     3 ||     3
       Potion            |       |     3 ||     3
 Stab: Distracted        |     2 |       ||     2
Armor: Robe              |    18 |     2 ||    20
Dodge: Dodged            |    71 |    12 ||    83
Block: Other             |    30 |     5 ||    35
       Reflection        |     1 |       ||     1
